AoeStats
← ccereal

Coastal Forest

510367349Analyzed
3v3 RM · 1d ago on Sep 30, 2026· 13m 59s· 6 players
Game mode
Random Map
Map size
Normal (6 player)
Population
200
Speed
Normal
Resources
Standard
Victory
Conquest
Starting age
Dark Age
Ending age
Imperial Age
RankedLock teamsTeams togetherTeam positionsShared explorationLock speedFull tech treeHidden civsTurbo modeCheats
Victory
Defeat
🇫🇷 Mongols · France
1603
+11
🇫🇷 Berbers · France
1556
+13
🇫🇷 Vietnamese · France
1291
+23
🇨🇦 Huns · Canada
1506
-17
🇩🇪 Ethiopians · Germany
1467
-15
🇳🇱 Persians · Netherlands
1463
-15
the_kiri
2:29 Loom
7:37 Loom
10:18 Feudal Age
11:03 Double-Bit Axe
12:18 Town Watch
LogsandBoats
4:52 Loom
9:56 Feudal Age
12:20 Double-Bit Axe
13:42 Wheelbarrow
13:16 Horse Collar
GAX | This Game Isnt Fun
9:34 Feudal Age
10:12 Double-Bit Axe
10:08 Horse Collar
12:36 Loom
Flybidi
5:45 Loom
9:02 Feudal Age
9:31 Double-Bit Axe
10:02 Horse Collar
ccereal
6:59 Loom
8:55 Feudal Age
9:54 Double-Bit Axe
14:04 Fletching
Jungle Kriss
9:37 Loom
12:09 Feudal Age
12:36 Double-Bit Axe
Connection lost

Rejoining the realm…

Still unreachable

The connection could not be restored.

Session expired

The server has moved on; the page needs a fresh start.